Map: Deathaura LE

Players

MacroKing - Winner!

  • Race: Terran Terran
  • Spawn Location: 5:00

BARTOLOLEO

  • Race: Protoss Protoss
  • League: Platinum
  • Spawn Location: 11:00

VOD

Have the link to the VOD?

Description

Time

  • Played on: July 16, 2020, 5:58 p.m.
  • Length: 34:07
Show
View Real Time Build Order
Export as new Build Order

MacroKing Terran - Winner!

Build Orders:  

Get SALT Encoding   

  12  0:01  SCV  
  13  0:13  SCV  
  14  0:23  Supply Depot  
  14  0:28  SCV, Refinery  
  15  0:45  SCV  
  15  0:49  Barracks  
  16  1:01  Barracks  
  16  1:17  SCV  
  17  1:29  SCV  
  18  1:41  Supply Depot, Reaper  
  18  1:42  SCV  
  20  1:48  Reaper  
  20  1:52  Bunker  
  21  1:58  SCV  
  22  2:04  Refinery  
  22  2:20  Marine  
  22  2:21  Bunker  
  23  2:38  Marine  
  24  2:55  Marine  
  24  3:13  Marine  
  24  3:15  Bunker  
  25  3:21  SCV  
  25  3:24  Factory  
  25  3:31  Marine  
  25  3:33  SCV  
  27  3:41  Marine  
  27  3:45  SCV, Supply Depot  
  29  3:49  Marine  
  30  3:57  SCV  
  31  4:07  Marine x2  
  33  4:12  Supply Depot, Starport  
  33  4:14  Engineering Bay  
  33  4:15  SCV  
  34  4:24  Marine  
  34  4:27  SCV, Bunker  
  35  4:41  Planetary Fortress  
  35  4:42  Marine, Factory  
  35  4:44  Factory Reactor  
  36  5:00  Marine  
  36  5:03  Starport Tech Lab  
  36  5:04  Fusion Core  
  37  5:15  Bunker  
  37  5:18  Marine  
  38  5:25  Factory Tech Lab  
  38  5:30  Widow Mine x2  
  42  5:39  Armory  
  42  5:49  Supply Depot  
  48  6:11  Battlecruiser  
  48  6:15  Supply Depot  
  48  6:18  Marine  
  48  6:22  Widow Mine  
  51  6:26  Widow Mine  
  53  6:36  Marine  
  54  6:43  Widow Mine  
  52  6:48  Widow Mine  
  51  7:05  Widow Mine  
  53  7:09  Widow Mine  
  55  7:26  Widow Mine  
  57  7:30  Widow Mine  
  57  8:00  Battlecruiser  
  55  8:55  Widow Mine x2  
  57  9:04  Battlecruiser  
  55  9:16  Command Center x2, Widow Mine x2  
  55  9:55  Factory Tech Lab  
  49  10:56  Battlecruiser  
  55  11:16  Siege Tank  
  58  11:18  Planetary Fortress  
  58  11:48  Siege Tank  
  61  12:20  Siege Tank  
  64  12:26  SCV, Refinery  
  64  12:27  Refinery  
  64  12:29  Planetary Fortress  
  65  12:38  SCV  
  66  12:50  SCV  
  67  12:52  Siege Tank  
  70  13:20  SCV  
  70  13:21  SCV  
  70  13:23  Factory  
  72  13:32  SCV  
  72  13:33  SCV  
  74  13:39  Siege Tank  
  77  13:44  SCV  
  77  13:45  SCV  
  79  13:56  SCV  
  80  14:08  SCV  
  78  15:22  SCV  
  78  15:25  Factory  
  78  15:27  Factory  
  79  15:33  Factory Tech Lab  
  79  15:34  SCV  
  80  15:44  Siege Tank  
  80  15:46  Battlecruiser  
  80  15:47  Weapon Refit  
  89  15:58  Refinery  
  89  16:00  Refinery  
  89  16:05  Siege Tank  
  89  16:11  SCV  
  93  16:17  Factory Tech Lab x2  
  93  16:24  Command Center  
  93  16:35  Command Center  
  93  16:39  SCV x2  
  93  16:42  Siege Tank  
  93  16:56  SCV x2  
  93  16:59  Siege Tank  
  92  17:08  SCV  
  93  17:43  Siege Tank x3  
  102  17:59  Siege Tank  
  93  18:32  Cyclone x3  
  93  18:54  Planetary Fortress  
  93  18:55  Planetary Fortress  
  90  19:04  Cyclone  
  90  19:05  Cyclone x2  
  99  19:20  SCV x2  
  101  19:25  Missile Turret  
  101  19:28  Missile Turret  
  101  19:37  Cyclone x3  
  110  19:46  Drilling Claws  
  110  20:09  Cyclone  
  89  20:49  Mag-Field Accelerator  
  83  20:51  Cyclone  
  83  20:52  Cyclone x2  
  83  20:54  SCV  
  83  20:56  SCV  
  94  21:01  Liberator  
  97  21:06  SCV  
  97  21:08  SCV  
  97  21:09  SCV  
  100  21:19  SCV  
  100  21:20  SCV  
  100  21:21  SCV  
  100  21:24  Command Center  
  103  21:29  Hellion  
  103  21:30  Hellion x2  
  103  21:31  SCV  
  103  21:32  SCV  
  111  21:43  SCV  
  111  21:44  SCV, Liberator  
  116  21:51  Hellion x3  
  122  21:59  SCV  
  123  22:03  Refinery  
  123  22:05  Refinery  
  123  22:21  Missile Turret  
  123  22:23  Missile Turret  
  123  22:24  Missile Turret  
  123  22:25  Supply Depot x2  
  123  22:26  Supply Depot  
  123  22:28  Supply Depot  
  123  22:29  Supply Depot  
  123  22:31  Supply Depot  
  123  22:36  SCV x2, Hellion x3, Liberator  
  134  22:48  SCV x2  
  130  22:58  Hellion x3  
  136  23:00  SCV  
  137  23:19  Hellion x3  
  109  24:05  Widow Mine x3  
  98  24:22  Liberator  
  95  24:25  SCV  
  95  24:26  Widow Mine  
  95  24:27  Widow Mine x2  
  102  24:31  Barracks  
  102  24:34  Ghost Academy  
  102  24:37  SCV  
  102  24:38  SCV, Ghost Academy  
  104  24:42  Refinery  
  104  24:43  Refinery  
  104  24:48  Widow Mine x3  
  104  24:49  SCV, Infernal Pre-Igniter  
  104  24:50  SCV  
  112  25:01  SCV  
  112  25:02  SCV  
  112  25:05  Liberator  
  117  25:09  Widow Mine  
  117  25:10  Widow Mine x2  
  117  25:13  SCV  
  124  25:14  SCV  
  122  25:26  SCV  
  123  25:30  Widow Mine  
  123  25:31  Widow Mine x2  
  129  25:38  SCV  
  115  25:50  SCV, Barracks Tech Lab  
  115  25:51  Personal Cloaking  
  116  26:01  Ghost Academy  
  116  26:02  Barracks Tech Lab  
  116  26:03  Ghost Academy  
  116  26:05  Liberator  
  119  26:13  Planetary Fortress  
  119  26:28  SCV  
  119  26:31  Ghost  
  122  26:40  SCV  
  122  26:41  Ghost  
  125  26:47  Nuke x3  
  125  26:48  Liberator  
  125  26:52  SCV, Supply Depot  
  125  26:53  Supply Depot  
  129  27:00  Ghost  
  131  27:04  SCV  
  132  27:10  Ghost  
  134  27:16  SCV  
  134  27:17  Nuke  
  135  27:30  Liberator  
  122  28:51  Ghost  
  122  28:55  Nuke x4  
  120  28:59  Thor x3  
  120  29:19  Thor  
  120  29:20  Ghost  
  120  29:21  Starport  
  120  29:22  Starport, Fusion Core  
  120  29:23  Supply Depot  
  128  29:24  Supply Depot  
  128  29:38  SCV  
  129  29:41  Thor  
  129  29:42  Thor  
  141  29:48  Ghost  
  141  29:50  SCV  
  138  30:02  Thor  
  144  30:08  Thor  
  150  30:17  Ghost  
  152  30:23  Starport Tech Lab x2  
  152  30:24  Thor x2  
  158  30:51  Thor  
  164  31:06  Nuke x2  
  164  31:07  Thor x2, Nuke  
  164  31:08  Ghost  
  172  31:28  Thor  
  178  31:34  Thor  
  178  31:36  Ghost  
  186  31:44  Liberator  
  189  31:48  Battlecruiser  
  189  31:50  SCV  
  194  32:02  SCV  
  194  32:04  Siege Tank  
  194  32:05  Ghost  
  199  32:15  SCV  
  193  32:17  Thor  
  189  32:27  SCV  
  172  32:33  Ghost  
  172  32:35  Siege Tank  
  172  32:36  Siege Tank  
  180  32:39  SCV  
  157  33:00  Siege Tank  
  160  33:07  Siege Tank  
  160  33:08  Siege Tank  
  166  33:21  Nuke  
  160  33:32  Siege Tank  
Show
View Real Time Build Order
Export as new Build Order

BARTOLOLEO Protoss 

Build Orders: 1 Gate Expand 

Get SALT Encoding   

  12  0:00  Probe  
  13  0:12  Probe  
  14  0:18  Pylon  
  14  0:24  Probe  
  15  0:37  Probe  
  15  0:39  Gateway  
  16  0:45  Probe  
  17  0:55  Probe  
  17  0:57  Assimilator  
  18  1:07  Probe  
  18  1:09  Assimilator  
  19  1:19  Probe  
  20  1:31  Probe  
  20  1:33  Nexus  
  21  1:40  Probe  
  21  1:43  Pylon  
  22  1:51  Probe  
  23  2:00  Cybernetics Core  
  23  2:03  Probe  
  24  2:15  Probe  
  25  2:20  Gateway  
  25  2:27  Probe  
  26  2:32  Stalker  
  26  2:41  Probe  
  27  2:46  Probe  
  27  2:49  Probe  
  28  2:59  Probe x2  
  28  3:11  Probe  
  30  3:14  Stalker  
  30  3:15  Stalker  
  30  3:23  Probe  
  30  3:24  Probe  
  33  3:43  Stalker  
  33  3:44  Stalker  
  33  3:46  Robotics Facility  
  36  4:05  Probe  
  37  4:20  Pylon  
  37  4:24  Pylon  
  37  4:42  Probe  
  38  4:54  Probe  
  39  5:08  Pylon, Nexus  
  39  5:16  Immortal  
  39  5:19  Pylon  
  39  5:26  Stalker  
  45  5:32  Probe  
  46  5:44  Warp Gate  
  46  5:46  Sentry  
  48  5:51  Gateway  
  48  5:53  Gateway  
  48  5:56  Stalker, Observer  
  51  6:04  Pylon  
  51  6:20  Immortal  
  55  6:44  Probe  
  55  6:45  Probe  
  57  6:50  Assimilator  
  57  6:52  Probe  
  57  6:54  Assimilator  
  57  6:56  Pylon  
  57  6:58  Probe  
  57  6:59  Pylon  
  57  7:00  Probe  
  59  7:08  Nexus  
  60  7:10  Probe, Pylon  
  60  7:12  Probe  
  62  7:18  Immortal  
  62  7:22  Probe  
  67  7:24  Probe  
  68  7:34  Probe, Stalker x2  
  68  7:36  Probe  
  72  7:54  Stalker x2  
  72  7:55  Probe x2  
  64  8:07  Probe  
  64  8:08  Probe  
  63  8:19  Probe  
  64  8:31  Stalker x2, Observer  
  64  8:32  Stalker x2  
  58  9:03  Probe  
  59  9:10  Probe x2  
  59  9:12  Probe  
  57  9:17  Assimilator  
  57  9:20  Assimilator  
  57  9:21  Probe  
  57  9:22  Probe x2  
  53  9:34  Probe x3  
  54  9:46  Probe x2  
  56  9:55  Probe  
  56  9:58  Probe x2  
  56  10:07  Probe  
  56  10:17  Stalker x2  
  56  10:18  Stalker x2  
  56  10:19  Probe  
  56  10:20  Immortal  
  66  10:21  Probe x2  
  58  10:31  Probe  
  58  10:33  Probe x2  
  58  10:43  Probe, Stalker x4  
  66  10:50  Probe  
  66  10:53  Probe  
  66  10:55  Probe  
  69  10:58  Probe  
  70  11:05  Probe  
  70  11:07  Probe  
  70  11:14  Shield Battery  
  70  11:15  Shield Battery  
  70  11:18  Probe x3  
  73  11:26  Probe  
  73  11:30  Probe x2  
  73  11:31  Stalker  
  73  11:32  Stalker x3  
  84  11:34  Probe  
  82  11:41  Pylon  
  82  11:42  Probe  
  82  11:43  Probe  
  71  12:00  Probe  
  72  12:12  Probe  
  72  12:14  Stalker x4  
  81  12:15  Probe  
  81  12:17  Twilight Council  
  81  12:19  Probe  
  83  12:23  Probe  
  83  12:24  Probe  
  85  12:31  Probe  
  85  12:33  Probe  
  85  12:36  Probe, Forge  
  88  12:38  Forge  
  88  12:40  Blink  
  88  12:45  Probe  
  85  13:09  Photon Cannon  
  81  13:18  Probe  
  77  13:23  Protoss Ground Armor Level 1, Protoss Ground Weapons Level 1  
  77  13:24  Probe x2  
  77  13:26  Probe  
  81  13:36  Probe x3  
  81  13:38  Stalker x4  
  92  13:48  Probe x3  
  94  13:51  Observer  
  94  13:53  Pylon  
  93  14:00  Probe x2  
  93  14:08  Stalker  
  93  14:09  Stalker x3  
  99  14:29  Gateway  
  99  14:36  Gateway  
  99  14:38  Gateway  
  77  14:40  Stalker x3  
  63  15:06  Stalker  
  62  15:09  Stalker x2  
  62  15:10  Stalker  
  59  15:30  Stalker  
  59  15:40  Stalker x2  
  59  15:44  Probe  
  60  15:52  Probe  
  61  16:02  Probe  
  61  16:06  Stalker x3  
  61  16:08  Zealot x3  
  61  16:10  Probe x2  
  74  16:13  Probe  
  77  16:18  Probe  
  77  16:19  Probe  
  77  16:23  Stalker  
  77  16:25  Probe  
  82  16:27  Probe  
  82  16:28  Probe  
  84  16:39  Probe  
  81  16:46  Stalker  
  81  16:47  Stalker x6  
  69  16:51  Probe  
  64  17:08  Probe  
  64  17:10  Photon Cannon  
  64  17:11  Photon Cannon  
  64  17:13  Protoss Ground Weapons Level 2  
  64  17:15  Shield Battery  
  59  17:16  Probe  
  56  17:26  Probe, Stalker x4  
  56  17:27  Stalker  
  67  17:38  Immortal  
  67  17:43  Probe x3  
  74  17:55  Probe x3  
  77  18:00  Photon Cannon  
  77  18:03  Photon Cannon  
  67  18:20  Stalker x4  
  67  18:21  Stalker x2  
  67  18:22  Stalker  
  75  18:47  Stalker x5  
  85  18:50  Sentry  
  85  19:11  Probe x3  
  88  19:22  Protoss Ground Weapons Level 3  
  88  19:23  Probe x3  
  91  19:36  Nexus  
  91  19:40  Pylon  
  91  19:42  Pylon  
  91  19:44  Stalker x3  
  93  20:09  Stalker x3  
  93  20:10  Stalker  
  77  20:36  Stalker x3  
  77  20:37  Stalker x2  
  87  20:49  Probe x3  
  90  21:01  Probe  
  90  21:03  Photon Cannon  
  91  21:05  Photon Cannon  
  91  21:07  Probe  
  91  21:09  Photon Cannon  
  91  21:11  Probe  
  93  21:12  Probe  
  93  21:15  Probe  
  94  21:23  Immortal  
  94  21:24  Probe  
  100  21:36  Probe x2  
  100  21:37  Probe  
  101  21:55  Immortal  
  101  21:57  Protoss Ground Armor Level 2  
  105  22:13  Stalker  
  105  22:14  Stalker x6  
  119  22:16  Probe x2  
  119  22:17  Probe x2  
  119  22:20  Assimilator  
  123  22:24  Assimilator  
  123  22:28  Probe  
  123  22:29  Probe x2  
  126  22:38  Stalker x2  
  126  22:39  Stalker x2  
  132  22:49  Probe  
  132  22:50  Probe x3  
  134  23:19  Stalker x2  
  134  23:20  Stalker x2  
  111  23:46  Stalker x5  
  111  23:47  Stalker x2  
  105  24:15  Protoss Ground Armor Level 3  
  97  24:28  Protoss Shields Level 1, Nexus  
  97  24:33  Stalker x5  
  97  24:34  Stalker x2  
  111  24:53  Probe x3  
  114  25:05  Probe x2  
  114  25:06  Probe  
  116  25:07  Pylon  
  113  25:21  Nexus  
  112  25:25  Pylon  
  109  25:35  Stalker  
  109  25:36  Stalker  
  107  25:58  Probe x2  
  107  25:59  Probe  
  110  26:06  Photon Cannon  
  110  26:09  Photon Cannon  
  110  26:10  Probe  
  111  26:18  Protoss Shields Level 2  
  111  26:23  Pylon  
  111  26:25  Templar Archives  
  111  26:27  Probe x3  
  114  26:33  Assimilator  
  114  26:35  Assimilator  
  114  26:54  Stalker x3  
  114  26:55  Stalker x2  
  124  27:11  Immortal  
  128  27:24  High Templar x3  
  128  27:25  High Templar x3  
  128  27:27  Stalker  
  128  27:29  Archon x2  
  142  27:30  Archon  
  138  28:02  Observer  
  139  28:19  Stalker x5  
  85  28:54  Probe  
  83  29:00  Assimilator  
  83  29:02  Probe  
  84  29:04  High Templar x4  
  84  29:05  High Templar x2  
  84  29:09  Gateway  
  97  29:10  Gateway  
  97  29:11  Gateway  
  97  29:12  Probe x2  
  97  29:13  Probe x2, Gateway  
  101  29:25  Probe x2  
  101  29:28  Stalker  
  105  29:36  Archon  
  105  29:37  Pylon, Archon x2, Nexus  
  99  29:41  Pylon  
  99  29:44  Probe  
  92  29:49  Probe  
  92  29:50  Probe x2  
  91  29:52  Probe  
  92  30:01  Probe  
  92  30:02  Probe x3, Stalker x3  
  92  30:03  Stalker x4  
  95  30:33  Pylon  
  95  30:38  Stalker x2  
  95  30:39  Stalker x6, Observer  
  95  30:40  Stalker x3  
  117  31:03  Zealot x5  
  117  31:04  Zealot  
  129  31:05  Nexus  
  129  31:09  Pylon  
  128  31:28  Stalker  
  128  31:29  Stalker x3  
  115  31:41  Stalker x3  
  121  31:56  Probe  
  122  32:05  Probe  
  122  32:07  Pylon  
  122  32:14  Immortal  
  122  32:15  Probe  
  106  32:27  Probe  
  37  32:53  High Templar x4  
  37  32:54  High Templar x2  
  37  32:55  High Templar x2  
  37  32:57  High Templar x2  
  57  32:59  Archon  
  57  33:00  Archon x3  
  57  33:01  Archon  
  57  33:06  Zealot  
  46  33:26  Stalker x2  
Tags
 
Add a new tag
Caveats
  • Supply blocks, unpowered buildings, or Contaminate may cause inaccurate times.
  • Supply counts are checked every 10 seconds.